 Dungeon Crawl Stone Soup version 0.27-a0-1046-g98bf31544f (webtiles) character file.

Game seed: 14684269236036334494

1973 jestyr24 the Destroyer (level 9, -13/74 HPs)
             Began as a Pale Draconian Conjurer on Apr 19, 2021.
             Was a Follower of Vehumet.
             Mangled by an elephant (15 damage)
             ... on level 8 of the Dungeon.
             The game lasted 00:33:36 (9176 turns).

jestyr24 the Destroyer (Pale Draconian Conjurer)    Turns: 9176, Time: 00:33:37

Health: -13/74     AC:  8    Str: 10    XL:     9   Next: 0%
Magic:  2/18       EV: 12    Int: 22    God:    Vehumet [*.....]
Gold:   375        SH:  0    Dex:  9    Spells: 13/20 levels left

rFire    + . .     SeeInvis .   s - +3 trident
rCold    . . .     Faith    +   (no shield)
rNeg     + . .     Spirit   .   (armour unavailable)
rPois    .         Reflect  .   (helmet restricted)
rElec    .         Harm     .   (no cloak)
rCorr    .         Rampage  .   d - +0 pair of gloves
Will     +....                  (no boots)
Stlth    ++........             D - amulet of faith
HPRegen  0.22/turn              y - ring "Goipnuts" {rC+ rN+}
MPRegen  0.16/turn              u - ring of fire

@: no status effects
A: breathe steam, AC +7, unfitting armour, cold-blooded, steam resistance,
stinger 1, talons 1, strong-willed 1
a: Breathe Steam, Renounce Religion


You were on level 8 of the Dungeon.
You worshipped Vehumet.
Vehumet was aware of your devotion.
You visited 2 branches of the dungeon, and saw 10 of its levels.

You collected 375 gold pieces.

Inventory:

Hand Weapons
 b - a +0 dagger
 r - a +0 quarterstaff
 s - a +3 trident (weapon)
 t - a +0 longbow
 v - a +0 fustibalus
 x - a +3 dagger
Missiles
 c - 2 atropa-tipped darts (quivered)
 e - 262 stones
 i - 7 javelins
 B - 29 poisoned darts
Armour
 d - a +0 pair of gloves (worn)
 w - a +0 pair of gloves
Jewellery
 u - a ring of fire (right hand)
 y - the ring "Goipnuts" (left hand) {rC+ rN+}
   (You found it on level 5 of the Dungeon)

   [ring of positive energy]

   It protects you from cold.
   It protects you from negative energy.
 C - a ring of protection from fire
 D - an amulet of faith (around neck)
Wands
 p - a wand of iceblast (7)
 F - a wand of flame (20)
Scrolls
 f - 2 scrolls of enchant weapon {unknown}
 j - a scroll of amnesia {unknown}
 k - 3 scrolls of fear {unknown}
 l - a scroll of teleportation {unknown}
 n - a scroll of blinking {unknown}
 o - a scroll of enchant armour {unknown}
 z - a scroll of vulnerability {unknown}
 G - a scroll of noise {unknown}
Potions
 a - 3 potions of curing
 g - a potion of invisibility
 h - a potion of flight
 m - a potion of heal wounds
 q - a potion of haste {unknown}
 A - a potion of might {unknown}
 E - a potion of berserk rage


   Skills:
 * Level 5.5 Fighting
 - Level 1.6 Short Blades
 - Level 0.5 Polearms
 + Level 2.9 Dodging
 - Level 3.0 Stealth
 + Level 6.3 Spellcasting
 + Level 8.0 Conjurations


You had 13 spell levels left.
You knew the following spells:

 Your Spells              Type           Power      Damage    Failure   Level
a - Magic Dart            Conj           100%       1d8       1%          1
b - Searing Ray           Conj           84%        3d6       1%          2
c - Iskenderun's Mystic   Conj/Tloc      24%        2d7       17%         4

Your spell library contained the following spells:

 Spells                   Type           Power      Damage    Failure   Level
 Sandblast                Erth           12%        2d6       9%          1
 Dazzling Flash           Conj/Hex       48%        N/A       4%          3
 Animate Skeleton         Necr           12%        N/A       9%          1
 Pain                     Necr           24%        1d5       9%          1
 Fulminant Prism          Conj/Hex       12%        3d9       17%         4
 Vampiric Draining        Necr           3%         2d6       26%         3
 Animate Dead             Necr           3%         N/A       65%         4
 Agony                    Necr           6%         N/A       94%         5


Dungeon Overview and Level Annotations

Branches:
Dungeon (9/15)             Temple (1/1) D:4            Lair (0/6) D:8
    Orc: D:9-12

Altars:
Ashenzari
Cheibriados
Dithmenos
Elyvilon
Fedhas
Gozag
Hepliaklqana
Kikubaaqudgha
Makhleb
Nemelex Xobeh
Okawaru
Ru
Sif Muna
Trog
Uskayaw
Vehumet
Wu Jian
Yredelemnul
The Shining One

Shops:
D:1 =   D:2 [   D:3 [


Innate Abilities, Weirdness & Mutations

You can breathe blasts of scalding, opaque steam.
Your pale cyan-grey scales are hard. (AC +7)
You cannot fit into any form of body armour.
You are cold-blooded and may be slowed by cold attacks.
You are immune to the effects of steam.
Your tail ends in a poisonous barb.
You have sharp toenails.
You are strong-willed. (Will+)


Message History

Casting: Searing Ray (safe; 1% risk of failure)
Confirm with . or Enter, or press ? or * to list all spells.
You erupt in a blast of force!
The mystic blast hits the elephant.
The elephant is severely wounded.
The elephant closely misses you.
The elephant trunk-slaps you but does no damage.
Casting: Iskenderun's Mystic Blast (dangerous; 17% risk of failure)
Confirm with . or Enter, or press ? or * to list all spells.
You don't have enough magic to cast this spell.
Casting: Iskenderun's Mystic Blast (dangerous; 17% risk of failure)
Confirm with . or Enter, or press ? or * to list all spells.
Aiming: Searing Ray (safe; 1% risk of failure)
Press: ? - help, Shift-Dir - straight line, f/p - elephant
Aim: an elephant (severely wounded, 100% to hit)
The searing ray hits the elephant!
The elephant is almost dead. (Press . to maintain the ray.)
The elephant tramples you!
* * * LOW HITPOINT WARNING * * *
You stumble backwards!
You hit the elephant but do no damage.
You claw the elephant, but do no damage.
The elephant is almost dead.
The elephant misses you.
The elephant trunk-slaps you but does no damage.
You hit the elephant.
The elephant is almost dead.
The elephant tramples you.
* * * LOW HITPOINT WARNING * * *
You stumble backwards!
The elephant tramples you but does no damage.
The elephant closely misses you.
You hit the elephant but do no damage.
The elephant is almost dead.
The elephant completely misses you. The elephant trunk-slaps you.
* * * LOW HITPOINT WARNING * * *
You hit the elephant. You claw the elephant.
The elephant is almost dead.
The elephant tramples you!
You die...

####...###....#..#........
..............#..#....≈..#
###...##.....#..#.......#
#.....'......#..#....≈≈.##
......(.#..............≈≈..#
........#..............≈≈...
.......##..............≈...#
.....####...................
.....#.....@Y....>..........
.##+ #........#..........?..
#........#........##...
#........###...........
#........# #.........≈
#####.....#...(..(.#
#.........≈≈
..........#..$..###.
.).......≈≈≈
.........##.....
...........≈≈≈ .........#


You could see an elephant.

Vanquished Creatures
  2 humans (D:7)
  Menkaure (D:4)
  A black bear (D:8)
  An ice beast (D:6)
  3 ogres
  2 centaurs
  2 phantoms
  2 water moccasin zombies
  A scorpion (D:5)
  A water moccasin skeleton (D:4)
  2 hounds
  A bullfrog zombie (D:5)
  A centaur skeleton (D:7)
  A jelly (D:4)
  2 orc priests (D:7)
  A bullfrog skeleton (D:5)
  Terence (D:4)
  2 iguanas
  2 orc wizards
  A hound skeleton (D:4)
  A howler monkey zombie (D:7)
  3 adders
  6 gnolls
  2 white imps
  2 ufetubi (D:5)
  3 dart slugs (D:3)
  16 orcs
  5 bats
  6 endoplasms
  A giant cockroach (D:1)
  6 goblins
  10 hobgoblins
  5 jackals (D:2)
  A quokka (D:2)
  5 ball pythons
  5 frilled lizards
  4 kobolds
  4 rats
115 creatures vanquished.

Vanquished Creatures (others)
  A fungus (D:8)
1 creature vanquished.

Grand Total: 116 creatures vanquished

Notes
Turn   | Place    | Note
-------+----------+-------------------------------------------
     0 | D:1      | jestyr24 the Draconian Conjurer began the quest for the
                  | Orb.
     0 | D:1      | Reached XP level 1. HP: 14/14 MP: 3/3
   375 | D:1      | Reached XP level 2. HP: 22/22 MP: 3/5
   666 | D:1      | Found Zaxutici's Jewellery Shop.
   684 | D:1      | Found a faded altar of an unknown god.
  1345 | D:2      | Reached skill level 1 in Fighting
  1345 | D:2      | Reached XP level 3. HP: 23/28 MP: 2/6
  1348 | D:2      | Learned a level 2 spell: Searing Ray
  1396 | D:2      | Found Gasijauz's Antique Armour Boutique.
  1768 | D:2      | Reached skill level 5 in Conjurations
  1985 | D:2      | Reached XP level 4. HP: 35/35 MP: 5/7
  3302 | D:3      | Found Guroc's Antique Armour Boutique.
  3372 | D:3      | Noticed Terence
  3405 | D:4      | Killed Terence
  3406 | D:4      | Reached skill level 1 in Short Blades
  3406 | D:4      | Reached XP level 5. HP: 13/41 MP: 0/9
  4194 | D:3      | You fall into a shaft and drop 3 floors!
  4224 | D:5      | Entered Level 5 of the Dungeon
  4225 | D:5      | Found a hide-covered altar of Uskayaw.
  4261 | D:4      | Found a snail-covered altar of Cheibriados.
  4273 | D:4      | Found a staircase to the Ecumenical Temple.
  4299 | Temple   | Entered the Ecumenical Temple
  4356 | Temple   | Became a worshipper of Vehumet
  4596 | D:4      | Found a shadowy altar of Dithmenos.
  4596 | D:4      | Found a blossoming altar of Fedhas.
  4653 | D:4      | Found a bloodstained altar of Trog.
  4670 | D:4      | Noticed an ogre
  4682 | D:4      | Killed an ogre
  4683 | D:4      | Reached XP level 6. HP: 8/50 MP: 2/10
  5079 | D:4      | Noticed Menkaure
  5082 | D:4      | Killed Menkaure
  5235 | D:4      | Reached skill level 6 in Conjurations
  5310 | D:4      | Your scales start taking on a pale cyan-grey colour.
  5310 | D:4      | Reached XP level 7. HP: 57/57 MP: 6/12
  5310 | D:4      | Gained mutation: You are immune to the effects of steam.
                  | [Pale Draconian growth]
  6286 | D:5      | Found a sacrificial altar of Ru.
  6373 | D:5      | Identified the ring "Goipnuts" {rC+ rN+}
  7077 | D:6      | Reached XP level 8. HP: 66/66 MP: 8/15
  7241 | D:6      | Found an opulent altar of Gozag.
  7351 | D:6      | Reached skill level 7 in Conjurations
  7755 | D:6      | Gained mutation: Your tail ends in a poisonous barb.
                  | [potion of mutation]
  7755 | D:6      | Gained mutation: You are strong-willed. (Will+) [potion of
                  | mutation]
  7755 | D:6      | Gained mutation: You have sharp toenails. [potion of
                  | mutation]
  7799 | D:7      | Reached skill level 5 in Spellcasting
  7885 | D:7      | Found an iron altar of Okawaru.
  7900 | D:7      | Reached * piety under Vehumet
  7900 | D:7      | Offered knowledge of Sandblast by Vehumet.
  8130 | D:7      | Reached skill level 5 in Fighting
  8333 | D:7      | Learned a level 4 spell: Iskenderun's Mystic Blast
  8444 | D:7      | Found a broken altar of Ashenzari.
  8887 | D:8      | Found a staircase to the Lair.
  8887 | D:8      | Noticed an elephant
  9068 | D:8      | You fall into a shaft and drop 1 floor!
  9072 | D:9      | Reached skill level 8 in Conjurations
  9072 | D:9      | Reached XP level 9. HP: 70/74 MP: 13/18
  9175 | D:8      | HP: 2/74 [elephant (3)]
  9176 | D:8      | Mangled by an elephant

Illustrated notes

Levels and vault maps discovered:
D:1:      lightli_arrival_farm, layout_basic, serial_shops, shop,
          ebering_ecumenical_altar_box
D:2:      wander_river, layout_basic, serial_shops, shop_statue, fountainhead
D:3:      layout_basic, serial_shops, nicolae_shop_behind_doors, minivault_26,
          chequers_serial_rivers_micro_c, grunt_decor_junction, uniq_terence
D:4:      layout_rooms, cheibriados_altar_1, gammafunk_temple_overflow_elements,
          amcnicky_altar_gilded, temple_pool_b, uniq_menkaure
D:5:      kb_forest_paths, layout_cave_pools,
          nicolae_ru_great_annihilating_truth,
          nicolae_uskayaw_murder_on_the_dancefloor
D:6:      layout_basic, lemuel_tele_altar
D:7:      layout_loops_cross, okawaru_humans, general_overflow_altar
D:8:      layout_basic, david_lair_generic
D:9:      minmay_bubble_buster, layout_irregular_city,
          grunt_temple_overflow_order_and_chaos_1,
          nicolae_qazlal_general_emergency
Temple:   cyrus_temple_forest

Skill      XL: |  1  2  3  4  5  6  7  8 |
---------------+-------------------------+-----
Fighting       | 1 2 3 4 5 |  5.5
Conjurations   | 5 6 8 |  8.0
Stealth        | 2 3 |  3.0
Dodging        | 2 |  2.9
Short Blades   | 1 |  1.6
Spellcasting   | 3 4 6 |  6.3
Polearms       | |  0.5

Action                   |  1- 3 |  4- 6 |  7- 9 || total
-------------------------+-------+-------+-------++-------
Melee: Dagger            |    13 |       |       ||    13
       Quarterstaff      |       |    11 |       ||    11
       Tailslap          |       |     1 |     1 ||     2
       Trident           |       |     2 |     8 ||    10
       Kick              |       |       |     2 ||     2
Throw: Dart              |       |       |     1 ||     1
 Cast: Magic Dart        |    59 |    50 |    17 ||   126
       Searing Ray       |     2 |    19 |    43 ||    64
       Iskenderun's Myst |       |       |     1 ||     1
  Use: Potion            |       |     2 |     1 ||     3
       Scroll            |       |     1 |     4 ||     5
Armor: Skin              |     5 |    10 |    14 ||    29
Dodge: Dodged            |    18 |    15 |    37 ||    70

Table legend: (Time is in decaauts)
 A = Elapsed time spent in this place.
 B = Non-inter-level travel time spent in this place.
 C = Inter-level travel time spent in this place.
 D = Time resting spent in this place.
 E = Time spent auto-exploring this place.
 F = Levels seen in this place.
 G = Mean time per level.
                   A        B        C        D        E       F      G
               +--------+--------+--------+--------+--------+-----+--------+
         Total |   9240 |   9040 |    200 |   2335 |   5243 |  10 |  924.0 |
       Dungeon |   9149 |   8949 |    200 |   2335 |   5199 |   9 | 1016.6 |
        Temple |     90 |     90 |      0 |      0 |     44 |   1 |   90.0 |
               +--------+--------+--------+--------+--------+-----+--------+

Top non-repeatable levels by time:
     D:3: 1495 daAuts
     D:1: 1336 daAuts
     D:5: 1304 daAuts
     D:4: 1303 daAuts
     D:7: 1226 daAuts
     D:2: 1177 daAuts
     D:6: 1111 daAuts
     D:8: 135 daAuts
  Temple: 90 daAuts
     D:9: 59 daAuts
